AoeStats
← 农夫累

Black Forest

510479399Analyzed
4v4 RM · 2d ago on Oct 1, 2026· 40m 24s· 8 players
Game mode
Random Map
Map size
Large (8 player)
Population
200
Speed
Normal
Resources
Standard
Victory
Conquest
Starting age
Dark Age
Ending age
Imperial Age
RankedLock teamsTeams togetherTeam positionsShared explorationLock speedFull tech treeHidden civsTurbo modeCheats
Victory
Defeat
🇨🇳 Persians · China
1554
+9
🇨🇳 Saracens · China
1467
+12
🇩🇪 Sicilians · Germany
1351
+18
🇨🇳 Persians · China
1244
+22
🇨🇳 Cumans · China
1409
-16
🇨🇳 Armenians · China
1404
-16
🇯🇵 Spanish · Japan
1395
-16
🇮🇳 Hindustanis · India
1323
-13
k10_g15
0:45 Loom
12:42 Feudal Age
14:10 Double-Bit Axe
16:57 Castle Age
21:14 Bow Saw
21:41 Fishing Lines
22:47 Wheelbarrow
22:21 Horse Collar
23:28 Heavy Plow
24:54 Gillnets
26:08 Hand Cart
25:41 Town Watch
31:13 Imperial Age
29:48 Scale Mail Armor
29:59 Forging
29:54 Squires
29:40 Arson
30:56 Chain Mail Armor
32:22 Iron Casting
32:57 Chemistry
31:34 Elite Ghulam
32:59 Conscription
33:32 Hoardings
33:12 Masonry
33:19 Caravan
33:46 Grand Trunk Road
35:52 Blast Furnace
34:43 Fletching
36:49 Two-Man Saw
征南大将军
9:44 Feudal Age
10:27 Double-Bit Axe
10:23 Horse Collar
16:56 Gold Mining
18:19 Loom
20:48 Castle Age
19:58 Wheelbarrow
20:42 Stone Mining
22:27 Bow Saw
22:26 Heavy Plow
25:21 Imperial Age
25:35 Scale Barding Armor
25:40 Forging
25:22 Fletching
25:32 Padded Archer Armor
26:26 Gold Shaft Mining
26:51 Crop Rotation
27:10 Hand Cart
26:41 Town Watch
27:43 Bloodlines
27:02 Cavalier
30:12 Two-Man Saw
30:42 Conscription
31:20 Chain Barding Armor
31:35 Iron Casting
31:24 Ballistics
32:46 Plate Barding Armor
31:52 Capped Ram
33:02 Town Patrol
33:57 Steppe Husbandry
35:20 Blast Furnace
34:18 Bodkin Arrow
34:38 Leather Archer Armor
33:54 Elite Steppe Lancer
35:21 Hoardings
FoldedAunt23528
4:49 Loom
10:21 Feudal Age
14:11 Castle Age
12:44 Double-Bit Axe
13:37 Stone Mining
15:17 Bow Saw
Hakka
9:36 Feudal Age
9:42 Man-at-Arms
10:40 Arson
10:26 Long Swordsman
12:40 Loom
13:55 Scale Mail Armor
19:28 Wheelbarrow
21:03 Double-Bit Axe
29:42 Castle Age
28:09 Fishing Lines
29:37 Gold Mining
29:44 Stone Mining
30:43 Bow Saw
30:53 Hand Cart
37:09 Imperial Age
36:05 Fortified Wall
37:55 Murder Holes
38:51 Masonry
39:03 Ballistics
39:45 Chemistry
39:14 Fletching
39:25 Padded Archer Armor
39:37 Forging
39:44 Chain Mail Armor
39:00 Elite Composite Bowman
40:02 Conscription
Lynx
0:38 Loom
12:29 Feudal Age
20:18 Double-Bit Axe
23:40 Fishing Lines
23:46 Horse Collar
28:02 Castle Age
28:48 Gillnets
29:17 Bow Saw
29:12 Crossbowman
31:40 Fletching
33:01 Ballistics
40:17 Imperial Age
41:09 Wheelbarrow
Bz_
7:16 Loom
10:02 Feudal Age
10:21 Double-Bit Axe
15:59 Castle Age
14:26 Horse Collar
16:05 Gold Mining
21:48 Wheelbarrow
23:07 Bow Saw
25:04 Heavy Plow
26:35 Hand Cart
30:57 Imperial Age
28:55 Bloodlines
28:53 Scale Barding Armor
28:52 Husbandry
29:51 Gold Shaft Mining
30:28 Forging
30:39 Chain Barding Armor
30:53 Cavalier
32:51 Plate Barding Armor
32:52 Iron Casting
33:21 Savar
37:13 Blast Furnace
37:05 Caravan
38:38 Conscription
农夫累
1:18 Loom
11:42 Feudal Age
15:24 Castle Age
13:10 Double-Bit Axe
14:13 Gold Mining
16:32 Bow Saw
17:11 Horse Collar
21:17 Bow Saw
22:54 Wheelbarrow
24:55 Hand Cart
24:36 Stone Mining
25:14 Heavy Plow
26:04 Gold Shaft Mining
29:58 Imperial Age
28:15 Scale Barding Armor
29:18 Chain Barding Armor
30:01 Bloodlines
29:52 Husbandry
30:33 Forging
30:01 Elite Mameluke
31:02 Conscription
31:18 Plate Barding Armor
30:57 Forging
31:24 Caravan
XZ
12:07 Feudal Age
10:22 Loom
13:19 Double-Bit Axe
16:14 Castle Age
15:01 Fishing Lines
16:59 Bow Saw
18:31 Wheelbarrow
21:51 Horse Collar
22:33 Heavy Plow
24:20 Gillnets
25:50 Gold Mining
25:53 Stone Mining
26:28 Hand Cart
29:33 Imperial Age
27:08 Pikeman
27:49 Squires
27:34 Arson
27:51 Scale Mail Armor
28:02 Forging
27:42 Fletching
28:16 Scale Barding Armor
29:44 Stone Shaft Mining
29:45 Gold Shaft Mining
29:31 Chain Mail Armor
29:41 Ballistics
29:16 Murder Holes
29:24 Devotion
29:29 Husbandry
29:39 Bloodlines
31:10 Two-Man Saw
30:40 Crop Rotation
30:48 Iron Casting
30:08 Bodkin Arrow
30:01 Cavalier
30:17 Cavalier
31:22 Chain Barding Armor
32:37 Coinage
31:43 Savar
34:41 Blast Furnace
34:04 Conscription
34:47 Plate Barding Armor
34:44 Banking
34:24 Guilds
34:11 Halberdier
35:12 Citadels
38:27 Plate Mail Armor
37:52 Bodkin Arrow
40:19 Caravan
Connection lost

Rejoining the realm…

Still unreachable

The connection could not be restored.

Session expired

The server has moved on; the page needs a fresh start.